Map: [ESL] Waterfall

Players

ByuN

  • Race: Terran Terran
  • Spawn Location: 7:00

LiquidElazer (Elazer) - Winner!

  • Race: Zerg Zerg
  • Spawn Location: 1:00

Event: HomeStory Cup XXII

VOD

Have the link to the VOD?

Description

Time

  • Played on: Dec. 16, 2022, 4:19 p.m.
  • Length: 18:30

All games in this series

Show
View Real Time Build Order
Export as new Build Order

ByuN Terran 

Build Orders: Hellion Banshee 

Get SALT Encoding   

  12  0:00  SCV  
  13  0:12  SCV  
  14  0:17  Supply Depot  
  14  0:24  SCV  
  15  0:39  SCV, Barracks  
  16  0:44  Refinery  
  16  0:51  SCV  
  17  0:58  Engineering Bay  
  17  1:03  SCV  
  18  1:15  SCV  
  19  1:26  Marine  
  19  1:27  Orbital Command  
  20  1:43  Marine  
  21  1:48  Command Center  
  21  1:54  SCV  
  21  1:59  Supply Depot  
  22  2:06  SCV  
  23  2:15  Factory  
  23  2:20  SCV  
  24  2:23  Refinery  
  24  2:26  Barracks Reactor  
  24  2:33  SCV  
  25  2:45  SCV  
  26  2:57  SCV  
  26  2:58  Factory Tech Lab  
  27  3:00  Orbital Command  
  27  3:02  Bunker  
  27  3:04  Marine x2, Starport  
  29  3:09  SCV  
  30  3:26  SCV x2  
  32  3:31  Hellion  
  32  3:32  Hellion  
  36  3:38  Supply Depot, SCV x2  
  38  3:50  SCV x2  
  38  3:52  Medivac, Cloaking Field  
  38  3:53  Hellion x2  
  46  3:55  Armory  
  46  4:02  SCV x2  
  49  4:08  Supply Depot  
  49  4:13  Barracks Tech Lab  
  49  4:14  Hellion x2  
  49  4:16  SCV  
  49  4:17  SCV  
  54  4:30  SCV x2, Banshee  
  59  4:32  Supply Depot  
  59  4:33  Marine  
  59  4:35  Stimpack  
  60  4:42  SCV x2  
  60  4:43  Barracks  
  60  4:45  Barracks  
  62  4:46  Factory Reactor  
  62  4:54  Supply Depot, SCV x2  
  62  4:55  Refinery  
  64  5:04  Marine  
  64  5:06  Engineering Bay  
  66  5:09  SCV x2  
  67  5:19  Starport Reactor  
  68  5:21  SCV x2  
  68  5:23  Marine  
  68  5:25  Barracks x2  
  70  5:33  SCV x2  
  72  5:37  Terran Infantry Weapons Level 1, Marine x2  
  72  5:39  Supply Depot  
  72  5:41  Marine  
  75  5:43  Siege Tank  
  78  5:50  Refinery  
  78  5:53  Supply Depot  
  78  6:00  Medivac x2, Marine x3  
  78  6:02  Supply Depot  
  85  6:04  Marine  
  86  6:14  Marine  
  86  6:15  Siege Tank, Marine  
  86  6:16  Supply Depot  
  86  6:17  Marine  
  92  6:20  Marine  
  92  6:21  Marine  
  92  6:22  Marine  
  92  6:25  Marine  
  94  6:28  Combat Shield  
  94  6:32  Marine  
  94  6:33  Marine  
  94  6:39  Marine x2  
  100  6:40  Marine x2  
  100  6:43  Marine  
  103  6:50  Supply Depot, Marine  
  103  6:52  Siege Tank  
  107  6:55  Medivac x2  
  107  6:56  Marine  
  107  7:00  Supply Depot  
  110  7:07  Supply Depot  
  110  7:12  Marine x5  
  115  7:19  Marine  
  115  7:20  Marine  
  114  7:24  Siege Tank  
  114  7:29  Marine x3  
  117  7:33  Marine x2  
  117  7:36  Marine  
  122  7:38  Terran Infantry Armor Level 1  
  122  7:42  Marine  
  124  7:47  Marine x3  
  124  7:51  Supply Depot, Marine x2  
  127  7:54  Marine  
  130  7:58  Siege Tank  
  130  8:00  Marine  
  130  8:05  Marine x3  
  126  8:09  Marine x2  
  126  8:12  Marine  
  96  8:15  Liberator  
  96  8:17  Liberator, Marine  
  102  8:23  Marine x3  
  102  8:26  Marine  
  102  8:27  Marine  
  105  8:30  Siege Tank, Marine  
  111  8:35  Marine  
  111  8:41  Marine x3  
  115  8:44  Terran Vehicle Weapons Level 1, Marine  
  116  8:50  Marine x2  
  118  8:56  Marine  
  118  8:58  Marine x3  
  118  9:02  Marine  
  123  9:03  Siege Tank  
  123  9:08  Marine x2  
  128  9:14  Marine  
  128  9:16  Medivac, Marine x2  
  123  9:17  Marine  
  123  9:20  Marine  
  125  9:26  Marine x2  
  127  9:32  Terran Infantry Weapons Level 2, Marine  
  127  9:34  Marine x2  
  127  9:35  Siege Tank, Marine  
  127  9:38  Marine  
  134  9:44  Marine x2  
  136  9:50  Marine  
  136  9:52  Liberator, Marine x2  
  142  10:01  Liberator, Marine x2  
  142  10:03  Marine  
  142  10:07  Siege Tank  
  143  10:18  Marine x5  
  148  10:25  Marine x2  
  149  10:39  Siege Tank  
  143  10:44  Marine x3  
  143  10:46  Marine  
  147  10:56  Marine  
  145  11:02  Marine  
  145  11:03  Marine  
  121  11:04  Marine  
  121  11:05  Orbital Command  
  121  11:07  Marine x2  
  121  11:08  Marine  
  124  11:11  Siege Tank  
  124  11:14  Marine  
  116  11:20  Marine x2  
  116  11:22  Marine  
  116  11:25  Marine x2  
  121  11:26  Marine  
  121  11:32  Marine  
  122  11:38  Marine x2  
  122  11:39  Liberator  
  124  11:40  Liberator  
  124  11:43  Siege Tank, Marine  
  124  11:44  Marine  
  119  12:13  Marine x2  
  119  12:14  Marine x2  
  119  12:15  Siege Tank, Marine x2  
  106  12:17  Marine  
  108  12:22  Medivac  
  108  12:23  Medivac  
  112  12:31  Marine x2  
  112  12:32  Marine x2  
  112  12:33  Marine x2  
  112  12:35  Marine  
  119  12:47  Siege Tank  
  119  12:49  Marine x2  
  119  12:50  Marine x2  
  119  12:51  Marine x2  
  127  12:52  Marine  
  118  13:06  Marine  
  118  13:07  Marine  
  118  13:08  Marine x2  
  118  13:09  Marine  
  118  13:10  Marine  
  118  13:11  Marine  
  120  13:19  Siege Tank  
  93  13:24  Marine  
  93  13:25  Marine  
  93  13:26  Marine x2  
  90  13:30  SCV  
  90  13:31  SCV  
  89  13:42  Medivac, Marine  
  89  13:43  Barracks Reactor, SCV x2, Marine  
  89  13:44  Marine x2  
  89  13:45  Marine  
  96  13:50  Refinery  
  96  13:51  Siege Tank  
  96  13:54  Orbital Command  
  99  13:58  SCV  
  99  14:00  Marine  
  99  14:01  Marine  
  99  14:02  Marine x2  
  102  14:14  Marine  
  87  14:18  Marine  
  87  14:19  Marine  
  87  14:20  Marine x2  
  87  14:22  Marine x2  
  83  14:33  Marine  
  83  14:36  Marine  
  85  14:51  SCV  
  86  14:53  Marine  
  83  15:18  Marine  
  83  15:20  Orbital Command  
  83  15:21  Marine  
  84  15:28  Orbital Command  
  84  15:35  SCV  
  85  15:53  SCV  
  86  16:05  SCV  
  86  16:11  Siege Tank  
  90  16:12  Marine  
  90  16:14  Marine  
  89  16:22  Marine  
  89  16:24  Marine  
  64  16:36  Marine x2  
  66  16:44  Marine x2  
  66  16:46  Marine  
  69  16:54  SCV  
  66  16:57  SCV  
  66  17:00  Orbital Command  
  67  17:12  Marine  
  50  17:28  Liberator  
  53  17:32  SCV  
  54  17:38  Marine  
  54  17:43  Marine  
Show
View Real Time Build Order
Export as new Build Order

LiquidElazer Zerg - Winner!

Build Orders: Hatch First 

Get SALT Encoding   

  12  0:00  Drone  
  13  0:12  Overlord  
  13  0:16  Drone  
  14  0:30  Drone x2  
  16  0:48  Hatchery  
  15  0:52  Drone  
  15  0:55  Drone  
  17  0:58  Drone  
  18  1:09  Extractor  
  17  1:13  Spawning Pool  
  17  1:16  Drone  
  17  1:20  Drone  
  18  1:27  Drone  
  19  1:38  Drone  
  20  1:48  Drone  
  21  2:00  Drone x2  
  23  2:01  Queen x2  
  27  2:11  Overlord  
  27  2:12  Overlord  
  27  2:21  Metabolic Boost  
  27  2:30  Drone  
  27  2:33  Hatchery  
  27  2:35  Drone  
  28  2:38  Drone  
  28  2:43  Queen  
  31  2:47  Drone  
  31  2:49  Drone  
  33  2:53  Overlord  
  33  2:58  Drone x2  
  35  3:05  Drone  
  35  3:11  Drone x3  
  35  3:12  Overlord  
  39  3:17  Queen  
  39  3:18  Drone x2  
  43  3:30  Queen, Overlord  
  45  3:34  Drone  
  45  3:40  Drone x2  
  48  3:44  Zergling x6  
  48  3:45  Queen  
  48  3:47  Drone x2  
  55  3:51  Overlord  
  55  3:52  Drone x2  
  57  3:56  Queen  
  57  4:01  Drone x3  
  62  4:05  Drone  
  62  4:09  Overlord  
  63  4:12  Queen  
  63  4:13  Drone  
  63  4:16  Drone  
  66  4:20  Spore Crawler  
  65  4:24  Spore Crawler  
  65  4:25  Spore Crawler  
  65  4:28  Drone x6  
  69  4:32  Queen  
  69  4:35  Queen  
  73  4:41  Overlord  
  73  4:44  Drone x4  
  77  4:46  Extractor  
  77  4:47  Zergling x4  
  77  4:49  Zergling x4  
  80  4:55  Zergling x4  
  80  4:58  Overlord  
  80  4:59  Queen  
  84  5:07  Overlord  
  84  5:10  Extractor  
  84  5:12  Drone x5  
  88  5:18  Overlord  
  88  5:19  Hatchery  
  87  5:22  Drone x2  
  87  5:25  Drone x5  
  87  5:26  Baneling Nest  
  93  5:31  Overlord  
  93  5:33  Drone  
  94  5:42  Evolution Chamber x2  
  92  5:43  Overlord  
  92  5:44  Drone  
  92  5:45  Drone x2  
  92  5:48  Lair, Extractor  
  94  5:52  Overlord  
  94  5:54  Drone x4  
  94  5:55  Drone  
  99  6:00  Overlord  
  99  6:04  Overlord  
  99  6:05  Zergling x12  
  99  6:07  Zerg Ground Armor Level 1, Zerg Melee Weapons Level 1  
  105  6:15  Zergling x8  
  108  6:25  Overlord  
  108  6:27  Drone x7  
  108  6:31  Drone x3  
  118  6:37  Zergling x2  
  119  6:43  Baneling  
  119  6:44  Baneling x5  
  119  6:46  Overlord  
  119  6:48  Overseer  
  117  6:56  Overlord  
  117  6:57  Drone x5  
  117  6:59  Zergling x16, Centrifugal Hooks  
  130  7:03  Zergling x2  
  130  7:07  Burrow  
  131  7:09  Zergling x6  
  132  7:16  Zergling x14  
  139  7:25  Zergling x2  
  139  7:26  Zergling x10  
  139  7:27  Hatchery  
  139  7:28  Pneumatized Carapace  
  145  7:35  Zergling x8  
  145  7:43  Zergling x6  
  145  7:44  Zergling x4  
  148  7:51  Hatchery  
  146  7:52  Zergling x10  
  151  8:02  Zergling x10  
  140  8:08  Zergling x4  
  122  8:15  Zergling x4  
  124  8:21  Zergling x4  
  124  8:22  Zerg Melee Weapons Level 2, Zerg Ground Armor Level 2  
  124  8:24  Baneling  
  124  8:25  Baneling x15  
  124  8:26  Zergling x12  
  132  8:28  Hatchery  
  131  8:35  Zergling x4  
  131  8:39  Zergling x6  
  136  8:41  Baneling x2  
  136  8:42  Baneling x7  
  136  8:49  Baneling x11  
  136  8:50  Zergling x6  
  136  8:53  Spore Crawler  
  138  8:56  Zergling x2  
  138  8:57  Zergling x12  
  145  9:06  Zergling x8  
  148  9:14  Zergling x8  
  152  9:22  Zergling x2  
  153  9:28  Overlord  
  153  9:35  Zergling x4  
  153  9:36  Zergling x26  
  159  9:39  Queen x5  
  159  9:43  Spore Crawler  
  168  9:45  Zergling x2  
  168  9:46  Zergling x8  
  168  9:52  Zergling x8  
  177  9:57  Baneling x7  
  177  10:03  Zergling x2  
  177  10:04  Zergling x28  
  177  10:06  Zergling x4  
  187  10:11  Baneling x4  
  184  10:15  Zergling x16  
  189  10:21  Zergling x2  
  189  10:26  Baneling x6  
  189  10:27  Baneling x8  
  184  10:32  Zergling x22  
  192  10:39  Zergling x8  
  188  10:44  Zergling x14  
  191  10:51  Zergling x14  
  183  10:59  Zergling x10  
  183  11:02  Zergling x6  
  163  11:06  Queen  
  163  11:09  Zergling x4  
  160  11:15  Spore Crawler  
  160  11:16  Spore Crawler  
  149  11:19  Zergling x8  
  149  11:24  Zergling x10, Baneling  
  149  11:25  Baneling  
  158  11:28  Zergling x6  
  160  11:38  Zergling x20  
  170  11:42  Baneling x9  
  170  11:43  Baneling x2  
  170  11:44  Zergling x2  
  167  11:49  Zergling x8  
  170  11:57  Baneling x5  
  146  12:14  Zergling x24  
  147  12:16  Queen  
  147  12:17  Queen x2  
  147  12:21  Zergling x6  
  154  12:26  Queen  
  154  12:27  Queen  
  154  12:29  Zergling x8  
  162  12:30  Baneling x6  
  162  12:42  Baneling x4  
  162  12:43  Baneling x9  
  162  12:44  Zergling x4  
  164  12:48  Hatchery  
  163  12:51  Zergling x12  
  163  12:52  Zergling x2  
  163  12:55  Zergling x4  
  172  13:00  Zergling x10  
  170  13:11  Zergling x10  
  143  13:20  Zergling x10  
  143  13:23  Queen  
  147  13:27  Zergling x6  
  147  13:32  Zergling x2  
  147  13:33  Zergling x2  
  145  13:36  Zerg Missile Weapons Level 1  
  137  13:44  Zergling x10  
  142  13:49  Hatchery  
  142  13:50  Zergling x4  
  142  14:06  Zergling x2, Hatchery  
  142  14:07  Zergling x14  
  132  14:13  Zergling x2  
  132  14:14  Zergling x8  
  125  14:19  Zergling x10  
  125  14:22  Zergling x6  
  126  14:28  Zergling x2  
  126  14:29  Zergling x6  
  126  14:30  Baneling x7  
  130  14:38  Baneling x11  
  130  14:43  Zergling x6  
  128  14:53  Zergling x12  
  128  14:56  Zergling x2  
  128  14:57  Zergling x10  
  133  15:01  Baneling x4  
  133  15:04  Zergling x2  
  125  15:10  Zergling x2  
  125  15:11  Zergling x4  
  117  15:22  Zergling x12  
  123  15:34  Infestation Pit  
  122  15:35  Zergling x2  
  122  15:36  Zergling x2  
  122  15:37  Baneling x2, Hatchery  
  122  15:38  Baneling x4  
  122  15:41  Zergling x4  
  125  15:45  Zergling x4  
  125  15:49  Baneling  
  127  16:02  Zergling x10  
  132  16:09  Hatchery  
  130  16:14  Zergling x14  
  104  16:32  Queen x3  
  103  16:33  Zergling x8  
  106  16:43  Zergling x2  
  106  16:44  Zergling x10  
  112  16:52  Zergling x2  
  112  16:53  Zergling x10  
  112  16:54  Baneling  
  112  16:55  Baneling  
  112  16:58  Zergling x6  
  112  16:59  Zergling x2  
  104  17:10  Zergling x12  
  104  17:15  Zergling x2  
  104  17:20  Zergling x8  
  103  17:24  Queen x2  
  107  17:30  Zergling x6  
  110  17:42  Zergling x2  
  110  17:43  Zergling x12  
  117  17:49  Zergling x8  
  121  17:57  Zergling x8  
  122  18:09  Zergling x18  
Tags
 
Composition
Hellion Banshee
Matchup
TvZ
Replay Pack
hsc22
Spawn Locations
Cross Positions
Add a new tag
Caveats
  • Supply blocks, unpowered buildings, or Contaminate may cause inaccurate times.
  • Supply counts are checked every 10 seconds.